 Dungeon Crawl Stone Soup version 0.25.1-1-g288607f5aa (webtiles) character file.

Game seed: 5792353163673285902

4 DerDa the Grave Robber (level 1, 0/13 HPs)
             Began as a Mummy Necromancer on July 26, 2020.
             Slain by a kobold
             ... wielding a +0 short sword
              (5 damage)
             ... on level 1 of the Dungeon.
             The game lasted 00:01:21 (145 turns).

DerDa the Grave Robber (Mummy Necromancer)           Turns: 145, Time: 00:01:21

Health: 0/13       AC:  2    Str: 11    XL:     1   Next: 58%
Magic:  0/4        EV: 12    Int: 14    God:
Gold:   8          SH:  0    Dex: 12    Spells: 5/6 levels left

rFire    x . .     SeeInvis .   c - +0 spear
rCold    + . .     Gourm    .   (no shield)
rNeg     + + +     Faith    .   a - +0 robe
rPois    ∞         Spirit   .   (no helmet)
rElec    .         Reflect  .   (no cloak)
rCorr    .         Harm     .   (no gloves)
MR       .....                  (no boots)
Stlth    ++........             (no amulet)
HPRegen  0.04/turn              d - ring of wizardry
MPRegen  0.09/turn              (no ring)

@: no status effects
A: no food or potions, fire vulnerability, cold resistance 1, negative energy
resistance 3, torment resistance, unbreathing
a: no special abilities


You were on level 1 of the Dungeon.
You were not hungry.

You visited 1 branch of the dungeon, and saw 1 of its levels.

You collected 8 gold pieces.

Inventory:

Hand Weapons
 c - a +0 spear (weapon)
Missiles
 b - 13 stones (quivered)
Armour
 a - a +0 robe (worn)
Jewellery
 d - a ring of wizardry (left hand)


   Skills:
 - Level 1.5 Dodging
 - Level 1.5 Stealth
 * Level 3.0 Spellcasting
 * Level 4.1 Necromancy


You had 5 spell levels left.
You knew the following spells:

 Your Spells              Type           Power        Failure   Level  Hunger
a - Pain                  Necr           ##..         1%          1    N/A

Your spell library contained the following spells:

 Spells                   Type           Power        Failure   Level  Hunger
 Animate Skeleton         Necr           N/A          1%          1    N/A
 Vampiric Draining        Necr           ##........   4%          3    N/A
 Animate Dead             Necr           N/A          16%         4    N/A
 Agony                    Necr           ##......     38%         5    N/A

Dungeon Overview and Level Annotations

Branches:
Dungeon (1/15)

Altars:


Innate Abilities, Weirdness & Mutations

You do not eat or drink.
Your flesh is vulnerable to fire.
You are immune to poison.
Your flesh is cold resistant. (rC+)
You are immune to negative energy. (rN+++)
You are immune to unholy pain and torment.
You can survive without breathing.


Message History

The goblin shouts!
The goblin hits you but does no damage.
Found 24 arrows, a hunting sling and a bubbling coppery potion.
The goblin hits you but does no damage. The goblin closely misses you.
Found an agate ring.
The goblin hits you with a +0 dagger.
Casting: Pain (safe; 1% risk of failure)
Confirm with . or Enter, or press ? or * to list all spells.
You don't know that spell.
Found a scroll labeled YBIRONOCWU.
Casting: Pain (safe; 1% risk of failure)
Confirm with . or Enter, or press ? or * to list all spells.
Aiming: Pain (safe; 1% risk of failure)
Press: ? - help, Shift-Dir - straight line, f - goblin
Aim: a goblin (chance to defeat MR: 83%)
The goblin barely resists.
The goblin hits you.
The kobold throws a stone.
The stone barely misses you.
You see here a stone.
The kobold hits you with a +0 short sword.
You die...

...#)# #. ####.#.####### #
#?##......).......#
.......#...#####.## ##
...##.#...###.....# ##.
#.........##....#.####..
##.#####..##..#.........
#.#####..........##....
#..g.g@..........#.....
##.#####K##).####.##....
#...# #.##..####.###... #...#
#(##.#..##.# ##.. #...#
#.##..#.##.#####.
.####...####.##.##.##.##....
..)...........##......(##....
..(...........#####.##.......
=............## #.#####....


You could see 2 goblins and a kobold.

Vanquished Creatures
  A goblin (D:1)
  2 hobgoblins (D:1)
  A kobold (D:1)
4 creatures vanquished.

Notes
Turn   | Place    | Note
-------+----------+-------------------------------------------
     0 | D:1      | DerDa the Mummy Necromancer began the quest for the Orb.
     0 | D:1      | Reached XP level 1. HP: 13/13 MP: 4/4
   145 | D:1      | Slain by a kobold

Illustrated notes

Levels and vault maps discovered:
D:1:      zaba_arrival_water, layout_loops_cross

Skill      XL: |  1 |
---------------+----+-----
Spellcasting   | 3 |  3.0
Dodging        | |  1.5
Stealth        | |  1.5
Necromancy     | |  4.1

Action                   || total
-------------------------++-------
Melee: Spear             ||     5
 Cast: Pain              ||     9
Armor: Robe              ||     1
Dodge: Dodged            ||    12
